 Dungeon Crawl Stone Soup version 0.30.0-29-ga12c61a403 (webtiles) character file.

Game seed: 6637767073717640102

868 hawla the Firebug (level 8, -2/59 HPs)
             Began as a Meteoran Fire Elementalist on June 4, 2023.
             Slain by a lemure (3 damage)
             ... led by Pikel
             ... on level 5 of the Dungeon.
             The game lasted 00:07:08 (1530 turns).

hawla the Firebug (Meteoran Fire Elementalist)      Turns: 1530, Time: 00:07:09

Health: -2/59      AC:  2    Str: 10    XL:     8   Next: 48%
Magic:  9/17       EV: 13    Int: 18    God:
Gold:   63         SH:  0    Dex: 15    Spells: 11/18 levels left

rFire   . . .        h - +2 mace (venom)
rCold   . . .        (no shield)
rNeg    . . .        a - +0 robe
rPois   .            (no helmet)
rElec   .            (no cloak)
rCorr   .            (no gloves)
SInv    .            (no boots)
Will    +....        (no amulet)
Stlth   +            (no ring)
HPRegen 0.29/turn    (no ring)
MPRegen 0.15/turn

%: no passive effects
@: glowing
A: sense surroundings 1, otherworldly, glowing, explore regen
a: no special abilities


You were on level 5 of the Dungeon.
You visited 1 branch of the dungeon, and saw 5 of its levels.

You collected 63 gold pieces.

Inventory:

Hand Weapons
 h - a +2 mace of venom (weapon)
Armour
 a - a +0 robe (worn)
Wands
 c - a wand of digging (5)
Scrolls
 i - a scroll of teleportation
 j - a scroll of noise {unknown}
 k - a scroll of magic mapping {unknown}
Potions
 b - 2 potions of magic
 d - a potion of curing
 e - a potion of attraction
 g - a potion of mutation {unknown}


   Skills:
 + Level 1.1 Fighting
 + Level 2.7 Maces & Flails
 + Level 3.7 Dodging
 - Level 1.4 Stealth
 + Level 5.6 Spellcasting
 + Level 5.6 Conjurations
 + Level 6.9 Fire Magic


You had 11 spell levels left.
You knew the following spells:

 Your Spells              Type           Power      Damage    Failure   Level
a - Foxfire               Conj/Fire      100%       2x1d9     1%          1
b - Scorch                Fire           58%        2d7       1%          2
c - Flame Wave            Conj/Fire      27%        2d9       10%         4

Your spell library contained the following spells:

 Spells                   Type           Power      Damage    Failure   Level
 Inner Flame              Hex/Fire       17%        N/A       9%          3
 Volatile Blastmotes      Fire/Tloc      34%        2d12      9%          3


Dungeon Overview and Level Annotations

Branches:
Dungeon (5/15) Zot: 1437
 Temple: D:4-7

Altars:

Annotations:
D:5 Pikel


Innate Abilities, Weirdness & Mutations

You passively map a small area around you.
You are easily found by Zot.
You glow in the dark.
You regain HP and MP as you explore.


Message History

Pikel is lightly wounded. (Press . to intensify the flame waves.)
You hear a shout! x4
The lemure hits you.
Pikel zaps a wand.
The bolt of acid hits you!
A wave of flame ripples out!
The flame wave engulfs the lemure!
You kill the lemure!
That felt strangely unrewarding.
The flame wave engulfs Pikel!
Pikel is moderately wounded.
The flame wave engulfs the lemure!
The lemure is moderately wounded.
The flame wave engulfs the lemure.
The lemure is lightly wounded.
You hear a shout!
Pikel says, "All the lords of Hell know my name!"
Pikel zaps a wand.
The bolt of acid misses you.
Unknown command.
A wave of flame ripples out!
The flame wave engulfs the lemure!
The lemure is moderately wounded.
The flame wave engulfs the lemure!
The lemure is almost dead.
The flame wave engulfs Pikel!
Pikel is severely wounded.
The flame wave engulfs the lemure!
The lemure is heavily wounded.
You finish channelling waves of flame.
You hear a shout! x2
A scorpion comes into view.
The lemure hits you!
Pikel hits you with a +1 whip of flaming!
* * * LOW HITPOINT WARNING * * *
Pikel burns you.
* * * LOW HITPOINT WARNING * * *
The lemure barely misses you.
It was a potion of cancellation.
You feel magically purged. The lemure closely misses you. The lemure hits you.
* * * LOW HITPOINT WARNING * * *
Pikel zaps a wand.
The bolt of acid hits you!
* * * LOW HITPOINT WARNING * * *
The lemure hits you.
You die...

#.###.#
#...#.# ,..
#.# #...#.# ,,
#...#.#
#.#...#.#
#.......######
#####........#
* , #........#
* *
##........#
#...@5#####
#...[.5K5.#
#.........# ,
* *#.........#
#s........# ,
,,...####...##
..> #...# ,
#...# ,


You could see Pikel, 3 lemures and a scorpion.

Vanquished Creatures
  Grinder (D:4)
  Eustachio (D:4)
  2 black bears (D:4)
  A lemure (D:5)
  A centaur (D:4)
  An orc priest (D:4)
  A hound (D:5)
  2 iguanas (D:4)
  A sleepcap (D:4)
  An orc wizard (D:4)
  6 adders
  2 gnolls (D:3)
  An ufetubus (D:4)
  A dart slug (D:3)
  3 orcs (D:4)
  2 bats
  2 endoplasms
  2 giant cockroaches (D:3)
  4 hobgoblins
  4 quokkas
  2 ball pythons (D:3)
  A frilled lizard (D:2)
  5 kobolds
  4 rats (D:3)
51 creatures vanquished.

Vanquished Creatures (collateral kills)
  A foxfire (D:4)
1 creature vanquished.

Vanquished Creatures (others)
  An orc wizard (D:4)
  103 foxfires
104 creatures vanquished.

Grand Total: 156 creatures vanquished

Notes
Turn   | Place    | Note
-------+----------+-------------------------------------------
     0 | D:1      | hawla the Meteoran Fire Elementalist began the quest for
                  | the Orb.
     0 | D:1      | Reached XP level 1. HP: 14/14 MP: 5/5
   147 | D:2      | Reached XP level 2. HP: 20/20 MP: 3/6
   153 | D:2      | Reached skill level 4 in Fire Magic
   160 | D:2      | Reached XP level 3. HP: 20/26 MP: 0/8
   326 | D:3      | Reached XP level 4. HP: 23/33 MP: 6/9
   329 | D:3      | Learned a level 2 spell: Scorch
   443 | D:3      | Learned a level 4 spell: Flame Wave
   607 | D:3      | Found a faded altar of an unknown god.
   675 | D:3      | Reached XP level 5. HP: 33/38 MP: 11/11
   734 | D:4      | Noticed Eustachio
   739 | D:4      | Killed Eustachio
   740 | D:4      | Reached skill level 5 in Fire Magic
   740 | D:4      | Reached XP level 6. HP: 45/45 MP: 6/12
   766 | D:4      | Reached skill level 1 in Maces & Flails
   890 | D:4      | Reached skill level 5 in Conjurations
   890 | D:4      | Reached XP level 7. HP: 51/51 MP: 8/13
  1042 | D:4      | Reached skill level 1 in Fighting
  1042 | D:4      | Reached skill level 6 in Fire Magic
  1117 | D:4      | Noticed Grinder
  1123 | D:4      | Killed Grinder
  1124 | D:4      | Reached skill level 5 in Spellcasting
  1124 | D:4      | Reached XP level 8. HP: 59/59 MP: 6/16
  1471 | D:5      | Entered Level 5 of the Dungeon
  1523 | D:5      | Noticed Pikel
  1530 | D:5      | HP: 1/59 [Pikel/bolt of acid (10)]
  1530 | D:5      | Slain by a lemure

Illustrated notes

Levels and vault maps discovered:
D:1:      lightli_arrival_boilingwater, layout_rooms, hangedman_decor_points
D:2:      layout_rooms, chequers_serial_rivers_micro_e, kennysheep_another_room,
          uniq_robin
D:3:      layout_loops_corners, mainiacjoe_overflow_alcove_3,
          basic_ecumenical_altar, minmay_checkerbox
D:4:      layout_loops_cross, serial_bayou, serial_bayou_pond_e,
          serial_bayou_ford_a, serial_bayou_pond_a, serial_bayou_crossing,
          uniq_grinder, uniq_eustachio
D:5:      lemuel_castle_with_subvaults [lemuel_castle_interior_carwin_2],
          layout_basic, uniq_pikel

Skill      XL: |  1  2  3  4  5  6  7 |
---------------+----------------------+-----
Dodging        | 3 |  3.7
Fire Magic     | 4 5 6 |  6.9
Spellcasting   | 3 5 |  5.6
Conjurations   | 2 4 5 |  5.6
Maces & Flails | 1 2 |  2.7
Fighting       | 1 |  1.1
Stealth        | |  1.4

Action                     |  1- 3 |  4- 6 |  7- 9 || total
---------------------------+-------+-------+-------++-------
  Melee: Unarmed           |     8 |     1 |       ||     9
         Flail             |       |    15 |       ||    15
         Mace              |       |     5 |    17 ||    22
         Punch             |       |       |     1 ||     1
   Cast: Foxfire           |    19 |    24 |    17 ||    60
         Scorch            |       |     8 |    13 ||    21
         Flame Wave        |       |       |     3 ||     3
    Use: Scroll            |     5 |       |     2 ||     7
         Potion            |       |       |     1 ||     1
 Armour: Robe              |     3 |     2 |     8 ||    13
  Dodge: Dodged            |     9 |    20 |    19 ||    48
